 Dungeon Crawl Stone Soup version 0.29-a0-72-g1732ff48e7 (webtiles) character file.

Game seed: 10058172983402609139

149 robertstho the Skirmisher (level 5, -7/53 HPs)
             Began as a Troll Delver on Feb 3, 2022.
             Splashed by a jelly's acid (10 damage)
             ... on level 5 of the Dungeon.
             The game lasted 00:01:11 (164 turns).

robertstho the Skirmisher (Troll Delver)             Turns: 164, Time: 00:01:12

Health: -7/53      AC: -4    Str: 22    XL:     5   Next: 9%
Magic:  4/4        EV: 10    Int:  6    God:
Gold:   12         SH:  0    Dex: 11    Spells: 4/4 levels left

rFire   . . .      SeeInvis .     - Unarmed
rCold   . . .      Faith    .   (no shield)
rNeg    . . .      Spirit   .   a - +0 robe
rPois   .          Reflect  .   (helmet restricted)
rElec   .          Harm     .   (no cloak)
rCorr   .          Rampage  .   (gloves unavailable)
Will    .....                   (boots unavailable)
Stlth   ++........              (no amulet)
HPRegen 0.97/turn               (no ring)
MPRegen 0.09/turn               (no ring)

@: lethally poisoned (-7 -> -16), corroded
A: large, unfitting armour, claws 3, regeneration 1, shaggy fur 1, tough skin 1
a: no special abilities


You were on level 5 of the Dungeon.
You visited 1 branch of the dungeon, and saw 1 of its levels.

You collected 12 gold pieces.

Inventory:

Armour
 a - a +0 robe (worn)
Wands
 f - a wand of digging (3)


   Skills:
 * Level 3.4 Fighting
 + Level 1.9 Dodging
 - Level 2.7 Stealth
 * Level 3.2 Unarmed Combat
 * Level 1.6 Evocations


You had 4 spell levels left.
You didn't know any spells.
Your spell library was empty.

Dungeon Overview and Level Annotations

Branches:
Dungeon (5/15)
 Temple: D:4-7

Altars:

Annotations:
D:5 Dowan, Eustachio


Innate Abilities, Weirdness & Mutations

You are too large for most types of armour.
You have claws for hands.
Your natural rate of healing is unusually fast.
You are covered in fur. (AC +1)
You have tough skin. (AC +1)


Message History

A jelly comes into view.
The jelly quivers.
Found 22 stones.
The jelly closely misses you.
A scorpion comes into view.
The jelly hits you but does no damage. The jelly barely misses you.
The scorpion stings you.
You are poisoned.
The scorpion poisons you!
You scratch the scorpion.
The scorpion is moderately wounded.
You feel sick. The scorpion barely misses you. The jelly barely misses you.
You claw the scorpion!
The scorpion is almost dead.
You feel sick. The ice beast hits you. The ice beast freezes you.
The scorpion stings you!
You are more poisoned.
The scorpion poisons you! The jelly completely misses you.
You scratch the scorpion but do no damage.
The scorpion is almost dead.
You feel very sick. The scorpion stings you. The ice beast barely misses you.
The jelly hits you but does no damage.
You closely miss the scorpion.
The scorpion is almost dead.
You feel very sick. The scorpion stings you.
You are more poisoned.
The scorpion poisons you!
The ice beast hits you but does no damage.
The jelly hits you. The acid corrodes you!
You are splashed with acid!
* * * LOW HITPOINT WARNING * * *
You claw the scorpion!
You kill the scorpion!
* * * LOW HITPOINT WARNING * * *
You feel very sick. The ice beast barely misses you. The jelly hits you.
* * * LOW HITPOINT WARNING * * *
The acid corrodes you!
You are splashed with acid!
You die...

#.# #.# ##'## #.##
##...## #..#
##.....## ###.#
#.......#* ##.#.#
.........####....#
.........+(......#
.........####..YJ#
#.......## ##.#@#
##.....## ###.#
##...## #.# *#+##
#.# ****,* #.#
,,,,,* #.# ****,**
#.# ***,,,** #.#
,,,,,,,* *,*


You could see an ice beast and a jelly.

Vanquished Creatures
  A scorpion (D:5)
  A howler monkey (D:5)
  A hound (D:5)
  2 iguanas (D:5)
  An orc wizard (D:5)
  An adder (D:5)
7 creatures vanquished.

Vanquished Creatures (others)
  An orc wizard (D:5)
1 creature vanquished.

Grand Total: 8 creatures vanquished

Notes
Turn   | Place    | Note
-------+----------+-------------------------------------------
     0 | D:5      | robertstho the Troll Delver began the quest for the Orb.
     0 | D:5      | Reached XP level 1. HP: 22/22 MP: 0/0
    27 | D:5      | Reached XP level 2. HP: 24/29 MP: 1/1
    55 | D:5      | Noticed a howler monkey
    64 | D:5      | Reached skill level 1 in Evocations
    64 | D:5      | Reached XP level 3. HP: 17/36 MP: 2/2
    75 | D:5      | Noticed Eustachio
    86 | D:5      | Noticed Dowan
    87 | D:5      | Reached XP level 4. HP: 26/45 MP: 3/3
   102 | D:5      | Noticed an ice beast
   106 | D:5      | Reached XP level 5. HP: 26/53 MP: 4/4
   164 | D:5      | Splashed by a jelly's acid

Illustrated notes

Levels and vault maps discovered:
D:5:      layout_loops_corners, hangedman_decor_slide_cut,
          minmay_a_box_with_orc_wizards_in_it, uniq_duvessa, uniq_eustachio

Skill      XL: |  1  2  3  4 |
---------------+-------------+-----
Evocations     | 1 |  1.6
Fighting       | 3 |  3.4
Unarmed Combat | 3 |  3.2
Dodging        | |  1.9
Stealth        | |  2.7

Action                   |  1- 3 |  4- 6 || total
-------------------------+-------+-------++-------
Melee: Unarmed           |    22 |    11 ||    33
       Punch             |     1 |       ||     1
  Use: Potion            |     1 |       ||     1
       Scroll            |     1 |     2 ||     3
Armor: Robe              |     4 |     4 ||     8
Dodge: Dodged            |     5 |    10 ||    15

Table legend: (Time is in decaauts)
 A = Elapsed time spent in this place.
 B = Non-inter-level travel time spent in this place.
 C = Inter-level travel time spent in this place.
 D = Time resting spent in this place.
 E = Time spent auto-exploring this place.
 F = Levels seen in this place.
 G = Mean time per level.
                   A        B        C        D        E       F      G
               +--------+--------+--------+--------+--------+-----+--------+
         Total |    150 |    150 |      0 |      0 |     44 |   1 |  150.0 |
       Dungeon |    150 |    150 |      0 |      0 |     44 |   1 |  150.0 |
               +--------+--------+--------+--------+--------+-----+--------+

Top non-repeatable levels by time:
     D:5: 150 daAuts
